 Dungeon Crawl Stone Soup version 0.32-a0-471-gb91d5d9764 (webtiles) character file.

Game seed: 6292193461485015442

3686 Alarak the Fighter (level 10, -1/87 HPs)
             Began as a Formicid Fighter on Feb 25, 2024.
             Was a Priest of Cheibriados.
             Slain by Skimidon's ghost (5 damage)
             ... on level 7 of the Dungeon.
             The game lasted 00:23:51 (6994 turns).

Alarak the Fighter (Formicid Fighter)               Turns: 6994, Time: 00:23:52

Health: -1/87      AC: 13    Str: 37    XL:     10   Next: 35%
Magic:  11/13      EV: 13    Int: 19    God:    Cheibriados [***...]
Gold:   293        SH: 12    Dex: 26    Spells: 9/9 levels left

rFire   + . .        H - +10 hammer of Destiny {holy, ^Fragile Int+3 Dex+5}
rCold   . . .        c - +1 buckler
rNeg    . . .        N - +0 plate armour
rPois   .            (helmet unavailable)
rElec   .            I - +0 cloak
rCorr   .            k - +0 pair of gloves
SInv    +            (no boots)
Will    ++...        i - amulet of reflection Stlth
                     v - +5 ring of evasion
HPRegen 0.00/turn    J - ring of Foiriugyi {rF+ Will+ Str+4}
MPRegen 0.13/turn

%: reflection
@: sick, very slow
A: permanent stasis, dig shafts and tunnels, antennae 3, four strong arms
a: Dig, Shaft Self, Renounce Religion, Bend Time, Temporal Distortion


You were on level 7 of the Dungeon.
You worshipped Cheibriados.
Cheibriados was most pleased with you.
You visited 2 branches of the dungeon, and saw 8 of its levels.

You collected 293 gold pieces.

Inventory:

Hand Weapons
 a - a +0 war axe of freezing
 o - a +0 battleaxe
 H - the +10 hammer of Destiny (weapon) {holy, ^Fragile Int+3 Dex+5}
   (You found it on level 5 of the Dungeon)

   Int+3:     It affects your intelligence (+3).
   Dex+5:     It affects your dexterity (+5).
   ^Fragile:  It will be destroyed if unequipped.
 O - a +0 broad axe
Missiles
 r - 2 throwing nets
 x - 5 datura-tipped darts
 z - 13 poisoned darts
Armour
 c - a +1 buckler (worn)
 k - a +0 pair of gloves (worn)
 I - a +0 cloak (worn)
 N - a +0 plate armour (worn)
Jewellery
 i - an amulet of reflection (around neck)
 l - a +6 ring of strength
 m - a ring of willpower
 v - a +5 ring of evasion (left hand)
 A - a ring of flight
 J - the ring of Foiriugyi (right hand) {rF+ Will+ Str+4}
   (You found it on level 6 of the Dungeon)

   [ring of willpower]

   Str+4:     It affects your strength (+4).
   rF+:       It protects you from fire.
   Will+:     It increases your willpower.
Scrolls
 j - 3 scrolls of revelation
 q - a scroll of enchant weapon
 s - a scroll of noise
 t - a scroll of vulnerability
 y - a scroll of brand weapon
 C - a scroll of immolation
 E - a scroll of fear
Potions
 b - 3 potions of degeneration
 d - 2 potions of might
 e - 3 potions of curing
 f - a potion of magic
 g - a potion of attraction
 h - 2 potions of brilliance {unknown}
 n - a potion of cancellation {unknown}
 p - a potion of invisibility {unknown}
 B - a potion of lignification {unknown}
 D - 2 potions of haste {unknown}
 G - a potion of enlightenment {unknown}
 K - a potion of heal wounds {unknown}
 M - a potion of ambrosia {unknown}


   Skills:
 - Level 11.0 Fighting
 - Level 10.0 Axes
 - Level 3.2 Armour
 - Level 4.0 Shields
 + Level 4.8 Invocations


You had 9 spell levels left.
You didn't know any spells.
Your spell library contained the following spells:

 Spells                   Type           Power      Damage    Failure   Level
 Necrotise                Necr           0%         1d4       85%         1
 Sandblast                Erth           0%         2d4       85%         1
 Ensorcelled Hibernation  Hex/Ice        0%         N/A       94%         2
 Call Canine Familiar     Summ           0%         N/A       99%         3
 Ozocubu's Armour         Ice            0%         N/A       99%         3
 Passwall                 Erth           0%         N/A       99%         3
 Sigil of Binding         Hex            0%         N/A       99%         3
 Stone Arrow              Conj/Erth      0%         3d7       99%         3
 Vampiric Draining        Necr           0%         2d6       99%         3
 Brom's Barrelling Bould  Conj/Erth      0%         2d3       100%        4
 Dimensional Bullseye     Hex/Tloc       0%         N/A       100%        4
 Martyr's Knell           Necr/Summ      0%         N/A       100%        4
 Curse of Agony           Necr           0%         N/A       100%        5
 Metabolic Englaciation   Hex/Ice        0%         N/A       100%        5
 Sculpt Simulacrum        Ice/Alch       0%         N/A       100%        6
 Swiftness                Air            Unusable   N/A       N/A         3

Dungeon Overview and Level Annotations

Branches:
Dungeon (7/15)             Temple (1/1) D:4

Altars:
Ashenzari
Cheibriados
Dithmenos
Elyvilon
Fedhas
Gozag
Hepliaklqana
Kikubaaqudgha
Makhleb
Nemelex Xobeh
Okawaru
Qazlal
Ru
Sif Muna
Trog
Uskayaw
Vehumet
Xom
Yredelemnul
Zin
The Shining One

Portals:
Abyss: D:7

Annotations:
D:7 1 transporter, Skimidon's ghost, novice MDGl


Innate Abilities, Weirdness & Mutations

You cannot be hasted, slowed, berserked, paralysed or teleported.
You can dig through walls and to a lower floor.
You have a pair of large antennae on your head. (SInv)
Your four strong arms can wield two-handed weapons with a shield.


Message History

The orc warrior hits you with a +0 battleaxe of distortion.
Space warps horribly around you! The flow of time bends around you.
Skimidon's ghost easily resists.
Cheibriados rebukes the orc warrior.
The orc warrior seems to slow down.
You block Skimidon's ghost's attack.
You hit Skimidon's ghost but do no damage.
Skimidon's ghost is heavily damaged.
Skimidon's ghost barely misses you.
The orc warrior hits you with a +0 battleaxe of distortion.
You closely miss Skimidon's ghost.
Skimidon's ghost is heavily damaged.
Skimidon's ghost hits you but does no damage.
You hit Skimidon's ghost but do no damage.
Skimidon's ghost is heavily damaged.
The orc warrior hits you with a +0 battleaxe of distortion!
You block Skimidon's ghost's attack.
You hit Skimidon's ghost but do no damage.
Skimidon's ghost is heavily damaged.
Skimidon's ghost hits you but does no damage.
You block the orc warrior's attack.
You thump Skimidon's ghost!
Skimidon's ghost convulses!
Skimidon's ghost is almost destroyed.
You block Skimidon's ghost's attack.
You hit Skimidon's ghost.
Skimidon's ghost convulses.
Skimidon's ghost is almost destroyed.
You block Skimidon's ghost's attack.
The orc warrior hits you with a +0 battleaxe of distortion!
* * * LOW HITPOINT WARNING * * *
Space warps around you.
* * * LOW HITPOINT WARNING * * *
You completely miss Skimidon's ghost.
Skimidon's ghost is almost destroyed.
Skimidon's ghost barely misses you.
The orc warrior hits you with a +0 battleaxe of distortion!
* * * LOW HITPOINT WARNING * * *
Space warps around you.
* * * LOW HITPOINT WARNING * * *
Skimidon's ghost hits you.
You die...
Cheibriados appreciates the motionlessness of death.

####......#######.........#......
...#.........[............#......
##.##......©..............#......
#.##....####.......###...#......
#.###...#..###...###!##..#......
#.##....##...##©.#..#.#..)).....
#........#....####.?.##.........
#...[[..##.....©..#.##...#......
###.##..##.#..#W@...##.....['####
....##..#©.###.o..#$#.....#[..###
####....##.##.###.#.###...#.[....
#.##.#...# ∩.##.###...##..#....##
#........##..#....##...#).#.[[...
#.####..##.#####...##..#....[....
#.......#...#{.##..##.##..#.)....
........##.{x. .#..#{.#..........
######...#### ##..##x#.........#


You could see an orc warrior (slow) and Skimidon's ghost.

Vanquished Creatures
  An ancient zyme (D:7)
  Eustachio (D:4)
  Menkaure (D:7)
  3 small abominations (D:7)
  A water moccasin (D:7)
  3 ice beasts
  An orc warrior (D:7)
  2 black bears (D:5)
  An ogre (D:6)
  The ghost of TobyConnect the Trooper, an amateur OpFi (D:3)
  A centaur (D:5)
  3 phantoms
  Blork the orc (D:4)
  7 scorpions
  A wight (D:5)
  Crazy Yiuf (D:5)
  9 hounds
  A jelly (D:7)
  2 gnoll boudas (D:7)
  2 orc priests
  2 sleepcaps
  4 iguanas
  6 orc wizards
  Robin (D:3)
  13 adders
  12 gnolls
  A shadow imp (D:5)
  A white imp (D:6)
  7 ufetubi
  3 dart slugs
  3 ribbon worms
  24 orcs
  4 ball pythons
  6 endoplasms
  3 giant cockroaches (D:2)
  9 hobgoblins
  A jackal (D:5)
  3 kobolds
  7 quokkas
  2 bats
  A frilled lizard (D:1)
  18 goblins
174 creatures vanquished.

Notes
Turn   | Place    | Note
-------+----------+-------------------------------------------
     0 | D:1      | Alarak the Formicid Fighter began the quest for the Orb.
     0 | D:1      | Reached XP level 1. HP: 18/18 MP: 1/1
   110 | D:1      | Reached XP level 2. HP: 25/25 MP: 2/2
   145 | D:1      | Reached skill level 4 in Fighting
   508 | D:1      | Reached XP level 3. HP: 31/31 MP: 3/3
  1847 | D:3      | Reached skill level 5 in Fighting
  1861 | D:3      | Reached XP level 4. HP: 37/39 MP: 4/4
  1925 | D:3      | Noticed Robin
  1941 | D:3      | Killed Robin
  2083 | D:3      | Reached XP level 5. HP: 46/46 MP: 5/5
  2179 | D:3      | Found a runed translucent door.
  2182 | D:3      | Noticed TobyConnect's ghost (amateur OpFi)
  2372 | D:3      | Killed TobyConnect's ghost
  2373 | D:3      | Reached skill level 6 in Fighting
  2606 | D:4      | Reached XP level 6. HP: 53/53 MP: 6/6
  2679 | D:4      | Noticed Eustachio
  2751 | D:4      | Killed Eustachio
  2752 | D:4      | Reached skill level 7 in Fighting
  2882 | D:4      | Reached skill level 8 in Fighting
  2888 | D:4      | Reached XP level 7. HP: 62/62 MP: 7/7
  2957 | D:4      | Noticed Blork the orc
  2964 | D:4      | Killed Blork the orc
  3088 | D:4      | Found a staircase to the Ecumenical Temple.
  3125 | Temple   | Found a transporter.
  3125 | Temple   | Found a transporter.
  3125 | Temple   | Found a transporter.
  3125 | Temple   | Found a transporter.
  3125 | Temple   | Entered the Ecumenical Temple
  3143 | Temple   | Became a worshipper of Cheibriados the Contemplative
  3269 | D:4      | Reached skill level 9 in Fighting
  3442 | D:5      | Entered Level 5 of the Dungeon
  3561 | D:5      | Reached XP level 8. HP: 71/71 MP: 8/8
  3570 | D:5      | Reached * piety under Cheibriados
  3624 | D:5      | Reached skill level 10 in Fighting
  3735 | D:5      | Found a hide-covered altar of Uskayaw.
  3784 | D:5      | Reached skill level 11 in Fighting
  3832 | D:5      | Reached ** piety under Cheibriados
  3833 | D:5      | Reached XP level 9. HP: 44/81 MP: 9/9
  3842 | D:5      | Reached skill level 5 in Axes
  4284 | D:5      | Found a runed translucent door.
  4285 | D:5      | Noticed Crazy Yiuf
  4407 | D:5      | Killed Crazy Yiuf
  4412 | D:5      | Identified the +10 hammer of Destiny {holy, ^Fragile Int+3
                  | Dex+5}
  4895 | D:6      | Identified the ring of Foiriugyi {rF+ Will+ Str+4}
  5270 | D:6      | Reached *** piety under Cheibriados
  5808 | D:7      | Found a transporter.
  5809 | D:7      | Noticed Skimidon's ghost (novice MDGl)
  5811 | D:7      | Found a one-way gate to the infinite horrors of the Abyss.
  5815 | D:7      | Reached XP level 10. HP: 87/87 MP: 10/10
  5827 | D:7      | Found a transporter.
  5851 | D:7      | Found a sacrificial altar of Ru.
  5865 | D:7      | Noticed Menkaure
  5873 | D:7      | Killed Menkaure
  6962 | D:7      | Reached skill level 10 in Axes
  6994 | D:7      | HP: 4/87 [orc warrior/+0 battleaxe of distortion (2)]
  6994 | D:7      | Slain by Skimidon's ghost

Illustrated notes

Levels and vault maps discovered:
D:1:      roadster_arrival_rocket_large, layout_rooms, minmay_pentomino_u4
D:2:      layout_loops_ring
D:3:      layout_basic, ebering_ghost_reflecting_pool, minivault_25,
          kennysheep_generic_room_3, uniq_robin
D:4:      layout_rooms, minmay_temple_entry_statues, minmay_misc_feat_hallway,
          nicolae_half_adder, uniq_blork_the_orc, uniq_eustachio
D:5:      cheibrodos_fzero, layout_rooms, nicolae_uskayaw_dance_hall,
          dreamdust_gnoll_farm, uniq_crazy_yiuf_cottage
D:6:      layout_gridville, dreamdust_princess_corridor,
          serial_library_hellmonk_recessed_alcove
D:7:      layout_basic, nicolae_ru_awakened_eye, gammafunk_ghost_abyssal_escape,
          minmay_misc_feat_square, st_stairs_9, nrook_mini_backslash,
          uniq_menkaure
Temple:   hellmonk_temple_divided_pantheon

Skill      XL: |  1  2  3  4  5  6  7  8  9 10 |
---------------+-------------------------------+-----
Fighting       | 4 5 6 8 9 11 | 11.0
Axes           | 4 9 10 | 10.0
Invocations    | 4 |  4.8
Armour         | |  3.2
Shields        | |  4.0

Action                     |  1- 3 |  4- 6 |  7- 9 | 10-12 || total
---------------------------+-------+-------+-------+-------++-------
  Melee: War axe           |   103 |    98 |   153 |       ||   354
         Mace              |       |       |    92 |    52 ||   144
 Invoke: Bend Time         |       |       |       |     1 ||     1
    Use: Scroll            |     6 |     4 |     8 |       ||    18
 Armour: Scale mail        |    57 |       |       |       ||    57
         Chain mail        |    21 |    61 |    94 |       ||   176
         Plate armour      |       |       |     8 |    27 ||    35
  Dodge: Dodged            |    43 |    23 |   135 |    17 ||   218
  Block: Buckler           |    37 |    62 |   159 |    42 ||   300
         Reflection        |       |     1 |     2 |       ||     3

Table legend: (Time is in decaauts)
 A = Elapsed time spent in this place.
 B = Non-inter-level travel time spent in this place.
 C = Inter-level travel time spent in this place.
 D = Time resting spent in this place.
 E = Time spent auto-exploring this place.
 F = Levels seen in this place.
 G = Mean time per level.
                   A        B        C        D        E       F      G
               +--------+--------+--------+--------+--------+-----+--------+
         Total |   8656 |   7068 |   1588 |    837 |   4805 |   8 | 1082.0 |
       Dungeon |   8624 |   7061 |   1563 |    837 |   4805 |   7 | 1232.0 |
        Temple |     32 |      7 |     25 |      0 |      0 |   1 |   32.0 |
               +--------+--------+--------+--------+--------+-----+--------+

Top non-repeatable levels by time:
     D:7: 1727 daAuts
     D:5: 1515 daAuts
     D:6: 1350 daAuts
     D:4: 1132 daAuts
     D:2: 1119 daAuts
     D:3: 952 daAuts
     D:1: 825 daAuts
  Temple: 32 daAuts
